 Dungeon Crawl Stone Soup version 0.29-a0-23-ga79f92ac9c (webtiles) character file.

Game seed: 14729585472909275958

182 HallandMoats the Poker (level 5, 0/37 HPs)
             Began as an Octopode Monk on Jan 31, 2022.
             Slain by an orc priest (6 damage)
             ... on level 3 of the Dungeon.
             The game lasted 00:02:39 (2507 turns).

HallandMoats the Poker (Octopode Monk)              Turns: 2507, Time: 00:02:39

Health: 0/37       AC:  1    Str: 13    XL:     5   Next: 61%
Magic:  6/6        EV: 14    Int: 12    God:
Gold:   120        SH:  0    Dex: 14    Spells: 4/4 levels left

rFire   . . .      SeeInvis +   a - +0 spear
rCold   . . .      Faith    .   (no shield)
rNeg    . . .      Spirit   .   (helmet restricted)
rPois   .          Reflect  .   (no amulet)
rElec   .          Harm     .   e - ring of see invisible
rCorr   .          Rampage  .   (no ring)
Will    .....                   (no ring)
Stlth   +++.......              (no ring)
HPRegen 0.12/turn               (no ring)
MPRegen 0.10/turn               (no ring)
                                (no ring)
                                (no ring)

@: no status effects
A: almost no armour, amphibious, 8 rings, camouflage 1, gelatinous body 1,
(nimble swimmer 1), tentacles
a: no special abilities


You were on level 3 of the Dungeon.
You visited 1 branch of the dungeon, and saw 3 of its levels.

You collected 120 gold pieces.

Inventory:

Hand Weapons
 a - a +0 spear (weapon)
Jewellery
 e - a ring of see invisible (left tentacle)
 i - a ring of flight
 j - an amulet of regeneration
Scrolls
 b - a scroll of immolation {unknown}
 c - a scroll of identify {unknown}
 d - a scroll of holy word {unknown}
 f - a scroll of teleportation {unknown}
 g - 4 scrolls of fear {unknown}
 h - a scroll of torment {unknown}


   Skills:
 * Level 4.0 Fighting
 * Level 4.1 Polearms
 + Level 3.5 Dodging
 - Level 2.6 Stealth
 + Level 1.8 Shields
 + Level 1.6 Invocations


You had 4 spell levels left.
You didn't know any spells.
Your spell library was empty.

Dungeon Overview and Level Annotations

Branches:
Dungeon (3/15)

Altars:
Xom


Innate Abilities, Weirdness & Mutations

You cannot wear most types of armour.
You are amphibious.
You can wear up to eight rings at the same time.
Your skin changes colour to match your surroundings (Stealth+).
Your rubbery body absorbs attacks. (AC +1, EV +1)
((You are camouflaged when in or above water. (Stealth+)))
You have tentacles for arms and can constrict up to eight enemies at once.


Message History

You now have 102 gold pieces (gained 11).
You now have 111 gold pieces (gained 9).
j - an amulet of regeneration
Found a stone staircase leading up.
No target in view!
You now have 120 gold pieces (gained 9).
There is a stone staircase leading up here.
An orc priest, an orc and a rat come into view.
The orc moves out of view.
There are monsters nearby!
There are monsters nearby!
There are monsters nearby!
An orc wizard comes into view. It is wielding a +0 dagger.
An orc comes into view. It is wielding a +0 hand axe.
An orc priest comes into view. It is wielding a +0 flail.
The orc shouts!
The orc priest mumbles some strange prayers to Beogh against you.
Beogh smites you!
You hear a shout!
You barely miss the orc. Your grab misses the orc.
You hear a shout!
The orc priest mumbles some strange prayers to Beogh against you.
Beogh smites you!
* * * LOW HITPOINT WARNING * * *
The orc hits you with a +0 hand axe.
* * * LOW HITPOINT WARNING * * *
You hear a shout!
You hit the orc but do no damage. You grab the orc. You squeeze the orc.
The orc is almost dead.
You constrict the orc.
You kill the orc!
The orc priest casts a cantrip, but nothing happens.
Unknown command.
Things that are here:
a +0 hand axe; a scroll labelled DOEQAOZYFF; an orc corpse You hit the orc priest but do no damage.
You grab the orc priest.
You constrict the orc priest, but do no damage.
The orc priest hits you with a +0 flail.
You die...

#.###########
#...........#
###########.# #.#
######.# #...##.#
#......# #
#...#########
....##@###.......
#...o.o.o......
####.###....o..
#.# ....... #.#
o.o.... #.#
....... #.#
..o.... ..#
##....# .. ..###


You could see 2 orc priests and an orc wizard.

Vanquished Creatures
  Jessica (D:2)
  Natasha (twice) (D:2)
  A gnoll (D:1)
  3 adders (D:2)
  5 worms (D:2)
  A dart slug (D:2)
  An orc (D:3)
  2 bats (D:2)
  4 endoplasms
  2 giant cockroaches (D:2)
  6 goblins
  7 hobgoblins
  3 jackals (D:2)
  3 quokkas
  2 ball pythons
  3 frilled lizards
  4 kobolds
  4 rats
54 creatures vanquished.

Notes
Turn   | Place    | Note
-------+----------+-------------------------------------------
     0 | D:1      | HallandMoats the Octopode Monk began the quest for the Orb.
     0 | D:1      | Reached XP level 1. HP: 16/16 MP: 1/1
    60 | D:1      | Reached XP level 2. HP: 14/21 MP: 2/2
   359 | D:1      | Reached XP level 3. HP: 26/26 MP: 3/3
   480 | D:1      | Found a faded altar of an unknown god.
   923 | D:2      | Reached skill level 1 in Shields
  1045 | D:2      | Noticed Jessica
  1184 | D:2      | Reached XP level 4. HP: 31/31 MP: 4/4
  1269 | D:2      | Reached skill level 1 in Invocations
  1433 | D:2      | Killed Jessica
  1902 | D:2      | Noticed Natasha
  1907 | D:2      | Reached XP level 5. HP: 36/37 MP: 5/5
  1910 | D:2      | Killed Natasha
  2020 | D:2      | Noticed Natasha
  2033 | D:2      | Killed Natasha
  2321 | D:3      | Found a shimmering altar of Xom.
  2333 | D:3      | Found a shimmering altar of Xom.
  2333 | D:3      | Found a shimmering altar of Xom.
  2336 | D:3      | Found a shimmering altar of Xom.
  2336 | D:3      | Found a shimmering altar of Xom.
  2336 | D:3      | Found a shimmering altar of Xom.
  2336 | D:3      | Found a shimmering altar of Xom.
  2507 | D:3      | Slain by an orc priest

Illustrated notes

Levels and vault maps discovered:
D:1:      nicolae_arrival_somewhat_less_tricky_arrival, layout_rooms,
          shapermc_ecumenical_altar_totnotflames, serial_glass, glass_columns_a,
          glass_columns_a, glass_columns_b, glass_columns_a, glass_columns_b
D:2:      layout_basic, uniq_jessica, uniq_natasha
D:3:      layout_loops_ring, xom_redecorated

Skill      XL: |  1  2  3  4  5 |
---------------+----------------+-----
Shields        | 1 |  1.8
Invocations    | 1 |  1.6
Polearms       | 4 |  4.1
Fighting       | 4 |  4.0
Dodging        | |  3.5
Stealth        | |  2.6

Action                   |  1- 3 |  4- 6 || total
-------------------------+-------+-------++-------
Melee: Spear             |    76 |    81 ||   157
       Constrict         |    16 |    19 ||    35
       Tentacles         |     8 |    20 ||    28
       Punch             |       |     2 ||     2
 Stab: Sleeping          |     8 |     6 ||    14
       Distracted        |       |     1 ||     1
Armor: Skin              |     2 |     5 ||     7
Dodge: Dodged            |    23 |    26 ||    49

Table legend: (Time is in decaauts)
 A = Elapsed time spent in this place.
 B = Non-inter-level travel time spent in this place.
 C = Inter-level travel time spent in this place.
 D = Time resting spent in this place.
 E = Time spent auto-exploring this place.
 F = Levels seen in this place.
 G = Mean time per level.
                   A        B        C        D        E       F      G
               +--------+--------+--------+--------+--------+-----+--------+
         Total |   2494 |   2429 |     65 |     94 |   1959 |   3 |  831.3 |
       Dungeon |   2494 |   2429 |     65 |     94 |   1959 |   3 |  831.3 |
               +--------+--------+--------+--------+--------+-----+--------+

Top non-repeatable levels by time:
     D:2: 1516 daAuts
     D:1: 772 daAuts
     D:3: 204 daAuts
